 Dungeon Crawl Stone Soup version 0.28-a0-1152-g9c71ebef14 (webtiles) character file.

Game seed: 713177151881617081

86 coolguy420 the Conjurer (level 4, -10/24 HPs)
             Began as a Deep Elf Conjurer on Dec 14, 2021.
             Killed by divine providence
             ... invoked by an orc priest
             ... created by the fury of Okawaru
              (15 damage)
             ... on level 2 of the Dungeon.
             The game lasted 00:02:54 (2111 turns).

coolguy420 the Conjurer (Deep Elf Conjurer)         Turns: 2111, Time: 00:02:55

Health: -10/24     AC:  2    Str:  4    XL:     4   Next: 27%
Magic:  4/11       EV: 12    Int: 25    God:
Gold:   66         SH:  0    Dex: 13    Spells: 7/10 levels left

rFire   . . .      SeeInvis .   (no weapon)
rCold   . . .      Faith    .   (no shield)
rNeg    . . .      Spirit   .   a - +0 robe
rPois   .          Reflect  +   (no helmet)
rElec   .          Harm     .   (no cloak)
rCorr   .          Rampage  .   (no gloves)
Will    .....                   (no boots)
Stlth   +.........              d - amulet of reflection
HPRegen 0.08/turn               (no ring)
MPRegen 0.12/turn               (no ring)

@: confused
A: no striking features
a: no special abilities


You were on level 2 of the Dungeon.
You visited 1 branch of the dungeon, and saw 2 of its levels.

You collected 66 gold pieces.

Inventory:

Armour
 a - a +0 robe (worn)
Magical Staves
 c - a staff of fire
Jewellery
 d - an amulet of reflection (around neck)
 j - a +4 ring of evasion
Scrolls
 b - a scroll of enchant weapon {unknown}
 e - a scroll of teleportation {unknown}
 g - a scroll of identify {unknown}
 h - a scroll of holy word {unknown}
Potions
 f - a potion of flight {unknown}
 i - a potion of curing {unknown}


   Skills:
 + Level 2.6 Dodging
 + Level 3.0 Stealth
 + Level 3.9 Spellcasting
 + Level 5.7 Conjurations


You had 7 spell levels left.
You knew the following spells:

 Your Spells              Type           Power      Damage    Failure   Level
a - Magic Dart            Conj           100%       1d8       1%          1
b - Searing Ray           Conj           66%        2d6       1%          2

Your spell library contained the following spells:

 Spells                   Type           Power      Damage    Failure   Level
 Dazzling Flash           Conj/Hex       38%        N/A       9%          3
 Fulminant Prism          Conj/Hex       9%         3d7       28%         4
 Iskenderun's Mystic Bla  Conj/Tloc      19%        2d6       28%         4


Dungeon Overview and Level Annotations

Branches:
Dungeon (2/15)

Altars:
Okawaru


Message History

The magic dart hits the rat.
You kill the rat!
The bat closely misses you.
Your Stealth skill increases to level 3!
The magic dart hits the bat.
The bat is heavily wounded.
The bat hits you but does no damage.
The magic dart hits the bat.
You kill the bat!
Your magical contamination has completely faded away.
Okawaru sends forces against you! 2 orcs and an orc warrior come into view.
The magic dart hits the orc warrior but does no damage.
Casting: Magic Dart (safe; 1% risk of failure)
Confirm with . or Enter, or press ? or * to list all spells.
Aiming: Searing Ray (safe; 1% risk of failure)
Press: ? - help, Shift-Dir - straight line, f/p - orc warrior
Aim: an orc warrior, wielding a +0 scimitar and wearing a +0 chain mail (durably summoned, 78% to hit)
The searing ray misses the orc warrior. (Press . to maintain the ray.)
An orc priest comes into view. It is wielding a +0 hand axe.
An orc wizard comes into view. It is wielding a +0 dagger.
The searing ray hits the orc warrior.
The orc warrior is lightly wounded.
The searing ray hits the orc warrior.
The orc warrior is moderately wounded.
You block the orc warrior's attack.
The orc wizard gestures at you while chanting.
You are confused.
The orc warrior hits you with a +0 scimitar!
Ouch! That really hurt!
The orc wizard casts a spell.
The orc wizard flickers and vanishes!
Deactivating autopickup; reactivate with Ctrl-A.
The orc warrior hits you with a +0 scimitar!
* * * LOW HITPOINT WARNING * * *
The orc priest invokes the aid of Okawaru against you.
Okawaru smites you!
Ouch! That really hurt!
You die...

.# #.# +......)..###.#...# .#
#.# #..##..#..# #.#...# .##
#.# ########..###.#...# ..#
#####.# #....##.#...# ..#
#.....# #....##.#...# ..#
#.....#. ####+####'##......
..# #.....#..
#....†.....#.##### ..#
#####.#.†.#.oo.o†....#.# ..#
#.#...'@o##..#####.#
#.########.############.....#
..#.............## #......#<#
###.####.....##..# #.#....###
..#...........##.###.#....#
..#...........##..##.#....#
..#.....#####.....##.#....#
..#..[..'.....##...#.######
#.##....###...##.#.#.#


You could see an orc warrior, an orc priest and 2 orcs.

Vanquished Creatures
  An ogre (D:2)
  3 adders (D:2)
  A worm (D:2)
  2 dart slugs (D:1)
  An endoplasm (D:2)
  5 giant cockroaches
  3 goblins
  8 hobgoblins
  4 jackals
  A quokka (D:1)
  5 ball pythons
  7 bats
  3 frilled lizards
  3 kobolds
  4 rats
51 creatures vanquished.

Notes
Turn   | Place    | Note
-------+----------+-------------------------------------------
     0 | D:1      | coolguy420 the Deep Elf Conjurer began the quest for the
                  | Orb.
     0 | D:1      | Reached XP level 1. HP: 10/10 MP: 6/6
   258 | D:1      | Reached XP level 2. HP: 15/15 MP: 1/8
   450 | D:1      | Reached skill level 5 in Conjurations
   738 | D:1      | Reached XP level 3. HP: 19/19 MP: 2/9
  1459 | D:2      | Found a faded altar of an unknown god.
  1504 | D:2      | Prayed at the altar of an unknown god.
  1504 | D:2      | Became a worshipper of Warmaster Okawaru
  1504 | D:2      | Reached * piety under Okawaru
  1505 | D:2      | Fell from the grace of Okawaru
  1617 | D:2      | Reached XP level 4. HP: 24/24 MP: 6/11
  1620 | D:2      | Learned a level 2 spell: Searing Ray
  2026 | D:2      | Noticed an ogre
  2030 | D:2      | Killed an ogre
  2106 | D:2      | Noticed an orc warrior
  2111 | D:2      | Killed from afar by an orc priest

Illustrated notes

Levels and vault maps discovered:
D:1:      wheals_arrival_shading, layout_basic
D:2:      minmay_chambers_of_twos, layout_basic,
          hellmonk_ecumenical_altar_lost_god

Skill      XL: |  1  2  3  4 |
---------------+-------------+-----
Conjurations   | 5 |  5.7
Stealth        | 3 |  3.0
Dodging        | |  2.6
Spellcasting   | |  3.9

Action                   |  1- 3 |  4- 6 || total
-------------------------+-------+-------++-------
 Cast: Magic Dart        |    92 |    18 ||   110
       Searing Ray       |       |     2 ||     2
Invok: Renounce Religion |     1 |       ||     1
Armor: Robe              |     2 |     1 ||     3
Dodge: Dodged            |     3 |     4 ||     7
Block: Other             |       |     1 ||     1

Table legend: (Time is in decaauts)
 A = Elapsed time spent in this place.
 B = Non-inter-level travel time spent in this place.
 C = Inter-level travel time spent in this place.
 D = Time resting spent in this place.
 E = Time spent auto-exploring this place.
 F = Levels seen in this place.
 G = Mean time per level.
                   A        B        C        D        E       F      G
               +--------+--------+--------+--------+--------+-----+--------+
         Total |   2110 |   2104 |      6 |      0 |   1842 |   2 | 1055.0 |
       Dungeon |   2110 |   2104 |      6 |      0 |   1842 |   2 | 1055.0 |
               +--------+--------+--------+--------+--------+-----+--------+

Top non-repeatable levels by time:
     D:1: 1306 daAuts
     D:2: 804 daAuts
